 Dungeon Crawl Stone Soup version 0.23.2 (webtiles) character file.

Game seed: 11773262338322484152

60 Kairos the Skirmisher (level 4, -3/38 HPs)
             Began as a Formicid Abyssal Knight on Apr 9, 2019.
             Was a Follower of Lugonu.
             Slain by a worm (6 damage)
             ... on level 2 of the Dungeon.
             The game lasted 00:02:27 (1277 turns).

Kairos the Skirmisher (Formicid Abyssal Knight)     Turns: 1277, Time: 00:02:28

Health: -3/38      AC:  9    Str: 18    XL:     4   Next: 25%
Magic:  5/5        EV:  7    Int: 11    God:    Lugonu [*.....]
Gold:   109        SH:  0    Dex: 10    Spells: 3/3 levels left

rFire    . . .     SeeInvis +   a - +2 spear
rCold    . . .     Gourm    .   (no shield)
rNeg     . . .     Faith    .   h - -2 chain mail (curse)
rPois    .         Spirit   .   (helmet unavailable)
rElec    .         Reflect  .   (no cloak)
rCorr    .         Harm     .   f - +2 pair of gloves
MR       .....                  (no boots)
Stlth    ..........             (no amulet)
HPRegen  0.12/turn              (no ring)
MPRegen  0.09/turn              (no ring)

@: no status effects
A: permanent stasis, dig shafts and tunnels, four strong arms, antennae 3
a: Dig, Shaft Self, Depart the Abyss, Renounce Religion


You were on level 2 of the Dungeon.
You worshipped Lugonu.
Lugonu was aware of your devotion.
You were near starving.

You visited 1 branch of the dungeon, and saw 2 of its levels.
You visited the Abyss 1 time.

You collected 109 gold pieces.

Inventory:

Hand Weapons
 a - a +2 spear (weapon)
Armour
 b - a +0 leather armour
 f - a +2 pair of gloves (worn)
 h - a cursed -2 chain mail (worn)
Scrolls
 d - a scroll of fear {unknown}
 g - a scroll of random uselessness {unknown}
Potions
 k - a potion of resistance
Miscellaneous
 e - a lightning rod (4/4)
Comestibles
 c - 3 rations


   Skills:
 + Level 4.6 Fighting
 + Level 2.3 Polearms
 + Level 2.4 Armour
 + Level 1.0 Dodging
 + Level 0.3 Stealth
 + Level 2.6 Invocations


You had 3 spell levels left.
You didn't know any spells.
Your spell library was empty.

Dungeon Overview and Level Annotations

Branches:
Dungeon (2/15)

Altars:


Innate Abilities, Weirdness & Mutations

You cannot be hasted, slowed, berserked, paralysed or teleported.
You can dig through walls and to a lower floor.
Your four strong arms can wield two-handed weapons with a shield.
You have a pair of large antennae on your head. (SInv)


Message History

Natasha barely misses you.
You hit Natasha.
Natasha is heavily wounded.
Natasha claws you.
* * * LOW HITPOINT WARNING * * *
You puncture Natasha!
You kill Natasha!
Lugonu accepts your kill.
Natasha screams in pain as she dies!
The crimson imp disappears in a puff of smoke!
The white imp disappears in a puff of smoke!
The crimson imp disappears in a puff of smoke!
Your Dodging skill increases to level 1!
You have reached level 4!
You feel stronger. The worm bites you.
* * * LOW HITPOINT WARNING * * *
You see here the felid corpse of Natasha.
You barely miss the worm. The worm bites you.
You die...

.....>#....#...#
.....##...<#...#
...8##....#...###
#8 #...........
###........####
#..............
#######.######
.### #.#
....####@##### {{
.......w§...#
...#...§....#
#........#
#........#
#(.......#
.....).........#
####.).........#
#.....#######


You could see a worm.

Vanquished Creatures
  Natasha (D:2)
  An ooze (D:1)
  A worm (D:2)
  2 dart slugs (D:1)
  A leopard gecko (D:2)
  4 bats (D:1)
  A giant cockroach (D:2)
  3 hobgoblins (D:1)
  2 jackals (D:2)
  4 goblins
  2 kobolds (D:1)
  2 rats (D:1)
24 creatures vanquished.

Notes
Turn   | Place    | Note
-------+----------+-------------------------------------------
     0 | Abyss:1  | Kairos the Formicid Abyssal Knight began the quest for the
                  | Orb.
     0 | Abyss:1  | Reached XP level 1. HP: 18/18 MP: 2/2
    51 | Abyss:2  | Noticed a large abomination
   149 | Abyss:2  | Noticed a small abomination
   153 | Abyss:2  | Noticed a smoke demon
   170 | Abyss:2  | Noticed a starcursed mass
   171 | D:1      | Escaped the Abyss
   540 | D:1      | Reached XP level 2. HP: 25/25 MP: 3/3
   605 | D:1      | Reached skill level 4 in Fighting
   907 | D:1      | Reached XP level 3. HP: 26/30 MP: 4/4
  1214 | D:2      | Reached * piety under Lugonu
  1248 | D:2      | Noticed Natasha
  1275 | D:2      | Killed Natasha
  1275 | D:2      | Reached skill level 1 in Dodging
  1275 | D:2      | Reached XP level 4. HP: 5/38 MP: 5/5
  1277 | D:2      | Slain by a worm

Skill      XL: |  1  2  3 |
---------------+----------+-----
Fighting       | 4 |  4.6
Dodging        | 1 |  1.0
Polearms       | |  2.3
Armour         | |  2.4
Stealth        | |  0.3
Invocations    | |  2.6

Action                   |  1- 3 |  4- 6 || total
-------------------------+-------+-------++-------
Melee: Spear             |    77 |     1 ||    78
Invok: Depart the Abyss  |     1 |       ||     1
 Abil: Dig               |    10 |       ||    10
  Use: Potion            |     1 |       ||     1
       Scroll            |     5 |       ||     5
Armor: Leather armour    |     3 |       ||     3
       Chain mail        |    28 |       ||    28
Dodge: Dodged            |    29 |       ||    29
